 Dungeon Crawl Stone Soup version 0.31-a0-662-g684573625c (webtiles) character file.

Game seed: 17418178604191291033

5197 olmar the Basher (level 10, 0/79 HPs)
             Began as a Gnoll Reaver on Aug 31, 2023.
             Was an Initiate of Gozag.
             Slain by a hellwing (2 damage)
             ... on level 10 of the Dungeon.
             The game lasted 00:20:26 (10735 turns).

olmar the Basher (Gnoll Reaver)                    Turns: 10735, Time: 00:20:26

Health: 0/79       AC:  9    Str: 14    XL:     10   Next: 60%
Magic:  28/30      EV: 18    Int: 15    God:    Gozag
Gold:   213        SH:  0    Dex: 23    Spells: 12/24 levels left

rFire   . . .        p - staff of earth
rCold   + . .        (no shield)
rNeg    . . .        K - +2 robe {rC+}
rPois   .            (no helmet)
rElec   .            y - +0 cloak
rCorr   .            B - +0 pair of gloves
SInv    .            E - +1 pair of boots
Will    ++...        (no amulet)
Stlth   ++++         j - +6 ring of dexterity
HPRegen 0.33/turn    F - ring "Teko" {Will+ MP+9 Dex+7}
MPRegen 0.22/turn

%: no passive effects
@: brilliant, spiked, gold aura, enlightened, flying
A: fangs 1, strong nose, distributed training
a: Renounce Religion, Potion Petition, Call Merchant, Bribe Branch


You were on level 10 of the Dungeon.
You worshipped Gozag.
Gozag was aware of your devotion.
You visited 2 branches of the dungeon, and saw 10 of its levels.

You collected 819 gold pieces.
You paid 606 gold pieces to Gozag.

Inventory:

Hand Weapons
 a - a +1 mace of flaming
 s - a +0 flail of holy wrath
 L - a +0 scimitar of flaming
 N - a +0 heavy morningstar
Missiles
 H - 8 poisoned darts
Armour
 b - a +1 leather armour
 y - a +0 cloak (worn)
 B - a +0 pair of gloves (worn)
 E - a +1 pair of boots (worn)
 K - a +2 robe of cold resistance (worn)
 O - +0 steam dragon scales
Magical Staves
 p - a staff of earth (weapon)
 w - a staff of poison
Jewellery
 j - a +6 ring of dexterity (left hand)
 z - an amulet of faith
 F - the ring "Teko" (right hand) {Will+ MP+9 Dex+7}
   (You found it on level 6 of the Dungeon)

   [ring of magical power]

   Dex+7:     It affects your dexterity (+7).
   Will+:     It increases your willpower.
   MP+9:      It affects your magic capacity (+9).
 G - a +5 ring of evasion
Talismans
 n - a flux talisman
 q - a flux talisman
 C - a blade talisman
Wands
 v - a wand of charming (3)
 J - a wand of light (8)
Scrolls
 e - 6 scrolls of teleportation
 f - a scroll of amnesia
 h - 3 scrolls of vulnerability
 k - 2 scrolls of fear
 l - 4 scrolls of enchant weapon
 m - 2 scrolls of immolation
 r - 3 scrolls of enchant armour
 t - a scroll of torment
 u - a scroll of summoning
Potions
 c - 2 potions of mutation
 d - 4 potions of might
 g - 4 potions of berserk rage
 i - 2 potions of curing
 o - 2 potions of enlightenment
 x - 2 potions of brilliance
 A - a potion of heal wounds {unknown}
 D - a potion of lignification {unknown}
 I - a potion of magic {unknown}
 M - a potion of cancellation {unknown}
 P - a potion of degeneration {unknown}


   Skills:
 + Level 7.3 Fighting
 + Level 5.5 Short Blades
 + Level 5.5 Long Blades
 + Level 5.5 Axes
 + Level 8.7 Maces & Flails
 + Level 5.5 Polearms
 + Level 5.5 Staves
 + Level 5.5 Ranged Weapons
 + Level 5.5 Throwing
 + Level 5.5 Armour
 + Level 7.3 Dodging
 + Level 5.5 Stealth
 + Level 5.5 Shields
 + Level 5.5 Unarmed Combat
 + Level 7.5 Spellcasting
 + Level 7.2 Conjurations
 + Level 4.5 Hexes
 + Level 4.5 Summonings
 + Level 4.5 Necromancy
 + Level 4.5 Translocations
 + Level 4.5 Transmutations
 + Level 4.5 Fire Magic
 + Level 4.5 Ice Magic
 + Level 4.5 Air Magic
 + Level 4.5 Earth Magic
 + Level 4.5 Poison Magic
 + Level 6.1 Invocations
 + Level 5.5 Evocations
 + Level 5.0 Shapeshifting


You had 12 spell levels left.
You knew the following spells:

 Your Spells              Type           Power      Damage    Failure   Level
a - Kiss of Death         Conj/Necr      100%       2d13      1%          1
b - Momentum Strike       Conj/Tloc      70%        3d9       1%          2
c - Poisonous Vapours     Pois/Air       58%        N/A       3%          2
d - Wereblood             Tmut           29%        N/A       3%          2
e - Hailstorm             Conj/Ice       35%        3d9       3%          3
f - Scorch                Fire           58%        2d7       3%          2

Your spell library contained the following spells:

 Spells                   Type           Power      Damage    Failure   Level
 Freeze                   Ice            100%       1d10      1%          1
 Sting                    Tmut/Pois      100%       1d8       1%          1
 Cigotuvi's Dreadful Rot  Necr/Pois/Air  58%        N/A       3%          2
 Frozen Ramparts          Ice            58%        1d9       6%          3
 Inner Flame              Hex/Fire       29%        N/A       6%          3
 Flame Wave               Conj/Fire      35%        2d10      11%         4
 Dispel Undead            Necr           29%        3d13      19%         4
 Olgreb's Toxic Radiance  Pois           29%        N/A       19%         4
 Passage of Golubria      Tloc           29%        N/A       19%         4
 Irradiate                Conj/Tmut      17%        3d17      30%         5
 Silence                  Hex/Air        14%        N/A       47%         5
 Yara's Violent Unravell  Hex/Tmut       14%        3d7       47%         5
 Death Channel            Necr           14%        N/A       96%         6
 Summon Cactus Giant      Summ           14%        N/A       96%         6
 Enfeeble                 Hex            14%        N/A       100%        7
 Lehudib's Crystal Spear  Conj/Erth      25%        10d7      100%        8


Dungeon Overview and Level Annotations

Branches:
Dungeon (10/15)            Temple (1/1) D:5
   Lair: D:8-11         Orc: D:9-12

Altars:
Ashenzari
Cheibriados
Dithmenos
Fedhas
Gozag
Hepliaklqana
Kikubaaqudgha
Makhleb
Nemelex Xobeh
Okawaru
Ru
Sif Muna
Trog
Uskayaw
Vehumet
Wu Jian
Yredelemnul
Zin
The Shining One

Portals:
Trove: D:10 (give +6 demon whip)

Annotations:
D:2 Terence
D:3 Natasha


Innate Abilities, Weirdness & Mutations

You have very sharp teeth.
Your uncanny sense of smell can sniff out nearby items.
Your experience applies equally to all skills.


Message History

Unknown command.
You closely miss the kobold brigand. You bite the kobold brigand.
The kobold brigand is almost dead.
The kobold brigand hits you with a +0 club.
The red devil barely misses you.
Your red devil hits the kobold brigand with a +0 trident!
The kobold brigand dies!
Unknown command.
Aiming: Charm
Press: ? - help, Shift-Dir - straight line, f - red devil, p - red devil
Aim: a red devil, wielding a +0 trident (chance to affect: 28%)
The red devil easily resists.
The red devil hits you from afar with a +0 trident!
Barbed spikes become lodged in your body.
The rust devil is distracted by your dazzling golden aura.
Your red devil closely misses the red devil.
Unknown command.
It was a potion of brilliance.
You feel clever all of a sudden.
The rust devil is no longer distracted by gold.
The red devil hits you from afar with a +0 trident!
* * * LOW HITPOINT WARNING * * *
Barbed spikes become lodged in your body.
Your red devil barely misses the red devil.
Unknown command.
Okay, then.
Okay, then.
It was a potion of curing.
You feel better.
The red devil hits you from afar with a +0 trident!
* * * LOW HITPOINT WARNING * * *
Barbed spikes become lodged in your body.
The hellwing closely misses you. The hellwing completely misses you.
Your red devil completely misses the red devil.
Unknown command.
It was a potion of enlightenment.
You feel very buoyant.
You fly up into the air.
The red devil barely misses you. The hellwing misses you.
The hellwing hits you.
You die...
Your body crumbles into a pile of gold.

.........######......
.................#......
...........)####.#......
.....≈≈≈≈≈..# #........
.....≈...≈..# ###......
#....≈.∩.≈..# #####.#
≈...4≈.4.≈..# #..
#.4≈≈≈≈..# ##.
#..4@.).## # ##+######
#### .... .... ∆ ....
.... ∆ ∆ .... .... ....


You could see a hellwing, a rust devil, a red devil (ally target) and a friendly
red devil (charmed).

Vanquished Creatures
  Erica (D:8)
  Maggie (D:8)
  2 wyverns (D:8)
  A steam dragon (D:5)
  4 vampire mosquitoes (D:10)
  A sky beast (D:7)
  2 black bears
  3 orc warriors
  2 ice beasts
  2 centaurs
  3 ogres
  A phantom (D:5)
  2 kobold brigands
  5 bullfrogs
  A gnoll sergeant (D:7)
  4 scorpions
  7 killer bees
  4 howler monkeys
  A jelly (D:7)
  5 orc priests
  6 hounds
  A sleepcap (D:6)
  Jessica (D:2)
  8 orc wizards
  An iguana (D:6)
  Natasha (D:3)
  9 adders
  5 gnolls (D:7)
  2 shadow imps
  2 white imps (D:7)
  2 worms
  4 dart slugs
  17 orcs
  5 bats
  6 endoplasms
  3 giant cockroaches (D:2)
  9 goblins
  6 hobgoblins
  5 jackals (D:1)
  15 kobolds
  4 quokkas
  9 ball pythons
  3 frilled lizards (D:2)
  4 rats
180 creatures vanquished.

Vanquished Creatures (collateral kills)
  A kobold brigand (D:10)
1 creature vanquished.

Grand Total: 181 creatures vanquished

Notes
Turn   | Place    | Note
-------+----------+-------------------------------------------
     0 | D:1      | olmar the Gnoll Reaver began the quest for the Orb.
     0 | D:1      | Reached XP level 1. HP: 20/20 MP: 6/6
    74 | D:1      | Reached XP level 2. HP: 26/26 MP: 7/7
   468 | D:1      | Reached skill level 5 in Spellcasting
   468 | D:1      | Reached XP level 3. HP: 28/31 MP: 7/9
   785 | D:1      | Reached skill level 1 in Invocations
   885 | D:2      | Found a snail-covered altar of Cheibriados.
   990 | D:2      | Reached skill level 1 in Short Blades
   990 | D:2      | Reached skill level 1 in Long Blades
   990 | D:2      | Reached skill level 1 in Axes
   990 | D:2      | Reached skill level 1 in Polearms
   990 | D:2      | Reached skill level 1 in Staves
   990 | D:2      | Reached skill level 1 in Ranged Weapons
   990 | D:2      | Reached skill level 1 in Throwing
   990 | D:2      | Reached skill level 1 in Armour
   990 | D:2      | Reached skill level 1 in Stealth
   990 | D:2      | Reached skill level 1 in Shields
   990 | D:2      | Reached skill level 1 in Unarmed Combat
   990 | D:2      | Reached skill level 1 in Evocations
  1094 | D:2      | Noticed Jessica
  1109 | D:2      | Killed Jessica
  1110 | D:2      | Reached skill level 1 in Shapeshifting
  1110 | D:2      | Reached XP level 4. HP: 18/36 MP: 9/11
  1548 | D:2      | Noticed Terence
  1658 | D:2      | Reached skill level 1 in Hexes
  1658 | D:2      | Reached skill level 1 in Summonings
  1658 | D:2      | Reached skill level 1 in Necromancy
  1658 | D:2      | Reached skill level 1 in Translocations
  1658 | D:2      | Reached skill level 1 in Transmutations
  1658 | D:2      | Reached skill level 1 in Fire Magic
  1658 | D:2      | Reached skill level 1 in Ice Magic
  1658 | D:2      | Reached skill level 1 in Air Magic
  1658 | D:2      | Reached skill level 1 in Earth Magic
  1658 | D:2      | Reached skill level 1 in Poison Magic
  1675 | D:2      | Learned a level 2 spell: Momentum Strike
  1970 | D:3      | Found a faded altar of an unknown god.
  2059 | D:3      | Found a hazy altar of Hepliaklqana.
  2159 | D:3      | Reached XP level 5. HP: 24/40 MP: 10/12
  2599 | D:3      | Noticed Natasha
  2611 | D:3      | Killed Natasha
  2612 | D:3      | Reached XP level 6. HP: 37/46 MP: 13/13
  2709 | D:3      | Found a burning altar of Makhleb.
  2718 | D:3      | Found a glowing golden altar of the Shining One.
  2860 | D:3      | Noticed Natasha
  3185 | D:4      | Reached skill level 5 in Fighting
  3185 | D:4      | Reached skill level 5 in Dodging
  3279 | D:4      | Found an ornate altar of the Wu Jian Council.
  3310 | D:4      | Learned a level 2 spell: Poisonous Vapours
  3540 | D:4      | Reached XP level 7. HP: 55/56 MP: 15/15
  3771 | D:4      | Reached skill level 7 in Maces & Flails
  4073 | D:4      | Found a sparkling altar of Nemelex Xobeh.
  4382 | D:4      | Found a glowing silver altar of Zin.
  4443 | D:5      | Entered Level 5 of the Dungeon
  4538 | D:5      | Found a staircase to the Ecumenical Temple.
  4571 | Temple   | Entered the Ecumenical Temple
  4790 | D:5      | Noticed a steam dragon
  4798 | D:5      | Killed a steam dragon
  5640 | D:5      | Reached XP level 8. HP: 47/52 MP: 16/16
  6157 | D:6      | Found a blossoming altar of Fedhas.
  6494 | D:6      | Identified the ring "Teko" {Will+ MP+9 Dex+7}
  6496 | D:6      | Found an opulent altar of Gozag.
  6502 | D:6      | Became a worshipper of Gozag Ym Sagoz the Greedy
  6916 | D:6      | Reached XP level 9. HP: 41/69 MP: 7/18
  7198 | D:6      | Found a bloodstained altar of Trog.
  7444 | D:6      | Found a sacrificial altar of Ru.
  7976 | D:7      | Learned a level 2 spell: Wereblood
  8218 | D:7      | Learned a level 3 spell: Hailstorm
  8402 | D:7      | Reached skill level 8 in Maces & Flails
  8611 | D:7      | Reached skill level 5 in Invocations
  9372 | D:8      | Noticed Erica
  9384 | D:8      | Killed Erica
  9385 | D:8      | Reached skill level 5 in Short Blades
  9385 | D:8      | Reached skill level 5 in Long Blades
  9385 | D:8      | Reached skill level 5 in Axes
  9385 | D:8      | Reached skill level 5 in Polearms
  9385 | D:8      | Reached skill level 5 in Staves
  9385 | D:8      | Reached skill level 5 in Ranged Weapons
  9385 | D:8      | Reached skill level 5 in Throwing
  9385 | D:8      | Reached skill level 5 in Armour
  9385 | D:8      | Reached skill level 5 in Stealth
  9385 | D:8      | Reached skill level 5 in Shields
  9385 | D:8      | Reached skill level 5 in Unarmed Combat
  9385 | D:8      | Reached skill level 5 in Evocations
  9385 | D:8      | Reached XP level 10. HP: 29/77 MP: 10/20
 10066 | D:8      | Noticed Maggie
 10104 | D:8      | Killed Maggie
 10397 | D:8      | Learned a level 2 spell: Scorch
 10555 | D:8      | You fall into a shaft and drop 2 floors!
 10555 | D:10     | Entered Level 10 of the Dungeon
 10592 | D:10     | Reached skill level 5 in Shapeshifting
 10702 | D:10     | Found a portal to a secret trove of treasure.
 10729 | D:10     | Noticed a rust devil
 10734 | D:10     | HP: 2/79 [red devil/+0 trident (15)]
 10735 | D:10     | Slain by a hellwing

Illustrated notes

Levels and vault maps discovered:
D:1:      dpeg_arrival_tiny_e, layout_loops_cross
D:2:      minmay_chambers_of_ones, layout_loops_ring, basic_altar,
          minmay_strange_pillars, uniq_terence, uniq_jessica
D:3:      layout_basic, lemuel_crystal_altar, minitemple,
          shapermc_ecumenical_altar_acropolis, st_stairs_9, nicolae_the_louvre,
          uniq_natasha
D:4:      layout_basic, marbit_many_paths, mainiacjoe_overflow_surrounded_room,
          nemelex_diamond_rough_becter, corexii_checkpoint_b
D:5:      layout_gridville, temple_fountains
D:6:      layout_basic, nicolae_ru_the_path_less_chosen,
          grunt_gozag_breadcrumbs, fedhas_bush_and_centaur_altar,
          mainiacjoe_overflow_six_doors_small, grunt_ministairs_12,
          serial_park_tiny_pond, minmay_between
D:7:      layout_basic, serial_glass, glass_columns_a, glass_columns_b
D:8:      layout_layer_cave, uniq_maggie, uniq_erica
D:10:     layout_roguey, nicolae_overflow_hidden_temple,
          nicolae_elyvilon_temple_path, nicolae_trove_entry_isolated,
          enter_bailey_4, nicolae_where_there's_smoke
Temple:   nicolae_temple_ecumenical_triangle

Skill      XL: |  1  2  3  4  5  6  7  8  9 10 |
---------------+-------------------------------+-----
Spellcasting   | 5 6 7 |  7.5
Invocations    | 1 2 3 4 5 6 |  6.1
Short Blades   | 1 2 3 5 |  5.5
Long Blades    | 1 2 3 5 |  5.5
Axes           | 1 2 3 5 |  5.5
Polearms       | 1 2 3 5 |  5.5
Staves         | 1 2 3 5 |  5.5
Ranged Weapons | 1 2 3 5 |  5.5
Throwing       | 1 2 3 5 |  5.5
Armour         | 1 2 3 5 |  5.5
Stealth        | 1 2 3 5 |  5.5
Shields        | 1 2 3 5 |  5.5
Unarmed Combat | 1 2 3 5 |  5.5
Evocations     | 1 2 3 5 |  5.5
Shapeshifting  | 1 2 3 4 5 |  5.0
Hexes          | 1 2 3 4 |  4.5
Summonings     | 1 2 3 4 |  4.5
Necromancy     | 1 2 3 4 |  4.5
Translocations | 1 2 3 4 |  4.5
Transmutations | 1 2 3 4 |  4.5
Fire Magic     | 1 2 3 4 |  4.5
Ice Magic      | 1 2 3 4 |  4.5
Air Magic      | 1 2 3 4 |  4.5
Earth Magic    | 1 2 3 4 |  4.5
Poison Magic   | 1 2 3 4 |  4.5
Fighting       | 5 6 7 |  7.3
Dodging        | 5 6 7 |  7.3
Maces & Flails | 7 8 |  8.7
Conjurations   | 6 7 |  7.2

Action                     |  1- 3 |  4- 6 |  7- 9 | 10-12 || total
---------------------------+-------+-------+-------+-------++-------
  Melee: Mace              |   110 |   164 |    92 |       ||   366
         Bite              |     3 |    23 |    40 |    10 ||    76
         Punch             |     1 |     3 |    12 |     3 ||    19
         Staff             |       |       |   219 |    54 ||   273
   Cast: Kiss of Death     |     1 |     2 |     7 |       ||    10
         Poisonous Vapours |       |     2 |   109 |    33 ||   144
         Momentum Strike   |       |       |     2 |       ||     2
         Hailstorm         |       |       |     8 |       ||     8
         Scorch            |       |       |       |    19 ||    19
 Invoke: Potion Petition   |       |       |       |     1 ||     1
  Evoke: Wand              |       |       |       |     5 ||     5
    Use: Scroll            |       |     7 |     5 |       ||    12
         Potion            |       |       |     1 |     3 ||     4
   Stab: Sleeping          |       |     4 |     2 |       ||     6
 Armour: Leather armour    |    61 |    94 |   183 |       ||   338
         Robe              |       |       |    13 |    64 ||    77
  Dodge: Dodged            |    74 |   111 |   250 |    83 ||   518

Table legend: (Time is in decaauts)
 A = Elapsed time spent in this place.
 B = Non-inter-level travel time spent in this place.
 C = Inter-level travel time spent in this place.
 D = Time resting spent in this place.
 E = Time spent auto-exploring this place.
 F = Levels seen in this place.
 G = Mean time per level.
                   A        B        C        D        E       F      G
               +--------+--------+--------+--------+--------+-----+--------+
         Total |  10753 |  10521 |    232 |   2796 |   5834 |  10 | 1075.3 |
       Dungeon |  10721 |  10489 |    232 |   2796 |   5809 |   9 | 1191.2 |
        Temple |     32 |     32 |      0 |      0 |     25 |   1 |   32.0 |
               +--------+--------+--------+--------+--------+-----+--------+

Top non-repeatable levels by time:
     D:6: 1818 daAuts
     D:7: 1665 daAuts
     D:4: 1384 daAuts
     D:5: 1293 daAuts
     D:3: 1216 daAuts
     D:8: 1213 daAuts
     D:2: 1105 daAuts
     D:1: 844 daAuts
    D:10: 178 daAuts
  Temple: 32 daAuts
